 Dungeon Crawl Stone Soup version 0.24-a0-581-gc0fa6600bf (webtiles) character file.

Game seed: 4854311962722157907

13605 Ijustatesigmund the Blocker (level 12, -12/96 HPs)
             Began as a Gnoll Fighter on Aug 24, 2019.
             Was an Elder of Okawaru.
             Mangled by a shadow (26 damage)
             ... on level 11 of the Dungeon.
             The game lasted 00:25:01 (11830 turns).

Ijustatesigmund the Blocker (Gnoll Fighter)        Turns: 11830, Time: 00:25:02

Health: -12/96     AC: 22    Str: 20    XL:     12   Next: 7%
Magic:  22/22      EV: 13    Int: 11    God:    Okawaru [****..]
Gold:   478        SH: 12    Dex: 18    Spells: 24/24 levels left

rFire    . . .     SeeInvis .   y - +7 falchion "Lazetz" {freeze, rElec}
rCold    . . .     Gourm    .   c - +0 shield
rNeg     . . .     Faith    .   a - +0 chain mail
rPois    +         Spirit   .   J - +2 helmet
rElec    +         Reflect  .   d - +0 cloak {rPois}
rCorr    .         Harm     .   H - +1 pair of gloves
MR       .....                  (no boots)
Stlth    +.........             (no amulet)
HPRegen  0.26/turn              F - +4 ring of protection
MPRegen  0.18/turn              q - +2 ring of evasion

@: very slightly contaminated, invisible (expiring)
A: distributed training, fangs 1, strong nose
a: Heroism, Renounce Religion


You were on level 11 of the Dungeon.
You worshipped Okawaru.
Okawaru was greatly pleased with you.
You were not hungry.

You visited 2 branches of the dungeon, and saw 12 of its levels.

You collected 478 gold pieces.

Inventory:

Hand Weapons
 y - the +7 falchion "Lazetz" (weapon) {freeze, rElec}
   (You found it on level 5 of the Dungeon)

   It has been specially enchanted to freeze those struck by it, causing extra
   injury to most foes and up to half again as much damage against particularly
   susceptible opponents.
   It can also slow down cold-blooded creatures.
   It insulates you from electricity.
 L - a +5 flail
Armour
 a - a +0 chain mail (worn)
 c - a +0 shield (worn)
 d - a +0 cloak of poison resistance (worn)
 e - the +2 helmet of Suodulec {*Slow rC+ rN+}
   (You acquired it on level 11 of the Dungeon)

   It protects you from cold.
   It protects you from negative energy.
   It may slow you when you take damage.
 l - a scarf of resistance
 H - a +1 pair of gloves (worn)
 J - a +2 helmet (worn)
Jewellery
 j - an uncursed ring of ice
 q - a +2 ring of evasion (right hand)
 u - an uncursed ring of resist corrosion
 F - a +4 ring of protection (left hand)
Wands
 b - a wand of paralysis (8)
 p - a wand of digging (18)
 s - a wand of acid (5)
 w - a wand of polymorph (8)
 G - a wand of random effects (20)
Scrolls
 m - 4 scrolls of remove curse
 n - 2 scrolls of immolation
 o - a scroll of fog
 r - 3 scrolls of magic mapping
 x - 5 scrolls of identify
Potions
 g - 5 potions of curing
 i - 3 potions of brilliance
 k - a potion of lignification
 A - 3 potions of ambrosia
 B - 2 potions of flight
Comestibles
 f - 20 rations


   Skills:
 + Level 9.5 Fighting
 + Level 6.8 Short Blades
 + Level 6.8 Long Blades
 + Level 6.8 Axes
 + Level 8.3 Maces & Flails
 + Level 6.8 Polearms
 + Level 6.8 Staves
 + Level 6.8 Slings
 + Level 6.8 Bows
 + Level 6.8 Crossbows
 + Level 6.8 Throwing
 + Level 9.5 Armour
 + Level 6.8 Dodging
 + Level 6.8 Stealth
 + Level 9.5 Shields
 + Level 6.8 Unarmed Combat
 + Level 6.8 Spellcasting
 + Level 5.6 Conjurations
 + Level 5.6 Hexes
 + Level 5.6 Charms
 + Level 5.6 Summonings
 + Level 5.6 Necromancy
 + Level 5.6 Translocations
 + Level 5.6 Transmutations
 + Level 5.6 Fire Magic
 + Level 5.6 Ice Magic
 + Level 5.6 Air Magic
 + Level 5.6 Earth Magic
 + Level 5.6 Poison Magic
 + Level 7.4 Invocations
 + Level 6.8 Evocations


You had 24 spell levels left.
You didn't know any spells.
Your spell library contained the following spells:

 Spells                   Type           Power        Failure   Level  Hunger
 Corona                   Hex            ###....      26%         1    None
 Ensorcelled Hibernation  Hex/Ice        ###...       36%         2    ##.....
 Confuse                  Hex            ###.....     61%         3    ###....
 Dazzling Spray           Conj/Hex       ###...       61%         3    ###....
 Tukima's Dance           Hex            ###.....     61%         3    ###....


Dungeon Overview and Level Annotations

Branches:
Dungeon (11/15)            Temple (1/1) D:6            Lair (0/6) D:11
    Orc (0/2) D:9

Altars:
Ashenzari
Cheibriados
Dithmenos
Elyvilon
Fedhas
Gozag
Hepliaklqana
Kikubaaqudgha
Makhleb
Nemelex Xobeh
Okawaru
Qazlal
Ru
Sif Muna
Trog
Uskayaw
Vehumet
Wu Jian
Xom
Yredelemnul
Zin
The Shining One

Shops:
D:10 =   D:11 [


Innate Abilities, Weirdness & Mutations

Your experience applies equally to all skills.
You have very sharp teeth.
Your uncanny sense of smell can sniff out nearby items.


Message History

An orc wizard comes into view. It is wielding a +0 dagger.
You are no longer corroded.
You catch the helpless orc completely off-guard!
You hit the orc. You freeze the orc.
You kill the orc!
Okawaru accepts your kill.
The orc wizard shouts!
An orc warrior comes into view. It is wielding a +0 flail.
As you read the scroll of fog, it crumbles to dust.
The scroll dissolves into smoke.
The orc warrior shouts!
The orc wizard shouts!
You hear a shout!
The shadow misses you.
The shadow slips into darkness.
The shadow flickers and vanishes!
Deactivating autopickup; reactivate with Ctrl-A.
A minotaur comes into view.
You feel better.
You flicker for a moment.
The shadow strikes at you from the darkness!
You die...

......####..§§§§#......###...
.....>......§§§§§.......#..#
.....#.....##§§§#####.J...##
.....#.....###.§# #.....#
.....##>##......# #####.##
..... #####.###H##########..#
..... ##.##.............#
..... ##.#...###'####..#
##### ###..@####⌠.⌠.#..#
#....##.##..[.#..#
#.##.8...#._..#..#
#........#....#..#
#<.......#....#..#
##.#..8...#._..#..#
#........##....#..#
#.###...####⌠.⌠.# #.#
##...###'####..


You could see a minotaur.

Vanquished Creatures
  Erica (D:9)
  A two-headed ogre (D:8)
  A deep troll earth mage (D:11)
  4 unseen horrors
  Pikel (D:5)
  2 kobold demonologists (D:10)
  3 wraiths
  2 wyverns
  13 yaks
  An acid dragon (D:11)
  An ice beast (D:9)
  6 orc warriors
  An eye of draining (D:9)
  4 slaves (D:4)
  4 sky beasts
  4 phantoms
  3 ogres
  6 centaurs
  2 bullfrogs
  5 big kobolds
  6 scorpions
  6 killer bees (D:10)
  A howler monkey (D:7)
  15 wights
  An electric eel (D:11)
  4 crimson imps
  A bullfrog zombie (D:8)
  5 hounds
  2 quasits
  3 jellies
  A bullfrog skeleton (D:5)
  2 centaur skeletons
  5 orc priests
  Ijyb (D:5)
  4 iguanas
  13 orc wizards
  10 worker ants
  A hound zombie (D:9)
  A howler monkey zombie (D:9)
  A worker ant zombie (D:7)
  13 adders
  3 gnolls (D:4)
  2 shadow imps (D:11)
  3 oozes
  2 adder zombies
  An adder skeleton (D:4)
  A worm (D:3)
  3 dart slugs (D:2)
  8 leopard geckos
  45 orcs
  4 giant cockroaches
  7 goblins
  5 hobgoblins
  4 jackals (D:8)
  6 quokkas
  5 bats
  3 frilled lizards
  A jackal zombie (D:5)
  18 kobolds
  2 quokka skeletons (D:4)
  8 rats
292 creatures vanquished.

Vanquished Creatures (others)
  A giant cockroach (D:3)
  A kobold (D:3)
2 creatures vanquished.

Grand Total: 294 creatures vanquished

Notes
Turn   | Place    | Note
-------+----------+-------------------------------------------
     0 | D:1      | Ijustatesigmund the Gnoll Fighter began the quest for the
                  | Orb.
     0 | D:1      | Reached XP level 1. HP: 23/23 MP: 1/1
   114 | D:1      | Reached XP level 2. HP: 25/29 MP: 2/2
   554 | D:2      | Reached XP level 3. HP: 35/35 MP: 3/3
   658 | D:2      | Found a shadowy altar of Dithmenos.
   699 | D:2      | Reached skill level 1 in Invocations
   914 | D:2      | Reached skill level 1 in Short Blades
   914 | D:2      | Reached skill level 1 in Long Blades
   914 | D:2      | Reached skill level 1 in Axes
   914 | D:2      | Reached skill level 1 in Polearms
   914 | D:2      | Reached skill level 1 in Staves
   914 | D:2      | Reached skill level 1 in Slings
   914 | D:2      | Reached skill level 1 in Bows
   914 | D:2      | Reached skill level 1 in Crossbows
   914 | D:2      | Reached skill level 1 in Throwing
   914 | D:2      | Reached skill level 1 in Dodging
   914 | D:2      | Reached skill level 1 in Stealth
   914 | D:2      | Reached skill level 1 in Unarmed Combat
   914 | D:2      | Reached skill level 1 in Spellcasting
   914 | D:2      | Reached skill level 1 in Evocations
   926 | D:2      | Reached XP level 4. HP: 41/41 MP: 5/5
   968 | D:2      | Found a basalt altar of Yredelemnul.
  1099 | D:3      | Noticed a phantom
  1109 | D:3      | Noticed a big kobold
  1127 | D:3      | Killed a phantom
  1127 | D:3      | Reached skill level 1 in Conjurations
  1127 | D:3      | Reached skill level 1 in Hexes
  1127 | D:3      | Reached skill level 1 in Charms
  1127 | D:3      | Reached skill level 1 in Summonings
  1127 | D:3      | Reached skill level 1 in Necromancy
  1127 | D:3      | Reached skill level 1 in Translocations
  1127 | D:3      | Reached skill level 1 in Transmutations
  1127 | D:3      | Reached skill level 1 in Fire Magic
  1127 | D:3      | Reached skill level 1 in Ice Magic
  1127 | D:3      | Reached skill level 1 in Air Magic
  1127 | D:3      | Reached skill level 1 in Earth Magic
  1127 | D:3      | Reached skill level 1 in Poison Magic
  1127 | D:3      | Reached XP level 5. HP: 41/47 MP: 5/7
  1193 | D:3      | Killed a big kobold
  1199 | D:3      | Reached XP level 6. HP: 30/53 MP: 8/8
  1461 | D:3      | Found an ancient bone altar of Kikubaaqudgha.
  1463 | D:3      | Found an ornate altar of the Wu Jian Council.
  1640 | D:3      | Found a white marble altar of Elyvilon.
  1988 | D:4      | Reached skill level 5 in Maces & Flails
  2216 | D:4      | Noticed a phantom
  2245 | D:4      | Killed a phantom
  2245 | D:4      | Reached XP level 7. HP: 26/59 MP: 10/10
  3195 | D:5      | Entered Level 5 of the Dungeon
  3248 | D:5      | Found a sparkling altar of Nemelex Xobeh.
  3380 | D:5      | Noticed Pikel
  3490 | D:5      | Killed Pikel
  3490 | D:5      | Reached XP level 8. HP: 29/67 MP: 12/12
  3810 | D:5      | Noticed Ijyb
  3817 | D:5      | Killed Ijyb
  3829 | D:5      | Got a crude falchion
  3830 | D:5      | Identified the +7 falchion "Lazetz" {freeze, rElec} (You
                  | found it on level 5 of the Dungeon)
  4028 | D:5      | Found a radiant altar of Vehumet.
  4396 | D:6      | Found a staircase to the Ecumenical Temple.
  4407 | Temple   | Entered the Ecumenical Temple
  4492 | D:6      | Reached XP level 9. HP: 72/72 MP: 14/14
  5107 | D:6      | Found a shimmering altar of Xom.
  5113 | D:6      | Found a shimmering altar of Xom.
  5918 | D:8      | Noticed a two-headed ogre
  5926 | D:8      | Killed a two-headed ogre
  5926 | D:8      | Reached skill level 5 in Invocations
  5926 | D:8      | Reached XP level 10. HP: 60/80 MP: 15/17
  6315 | D:8      | Reached skill level 5 in Short Blades
  6315 | D:8      | Reached skill level 5 in Long Blades
  6315 | D:8      | Reached skill level 5 in Axes
  6315 | D:8      | Reached skill level 5 in Polearms
  6315 | D:8      | Reached skill level 5 in Staves
  6315 | D:8      | Reached skill level 5 in Slings
  6315 | D:8      | Reached skill level 5 in Bows
  6315 | D:8      | Reached skill level 5 in Crossbows
  6315 | D:8      | Reached skill level 5 in Throwing
  6315 | D:8      | Reached skill level 5 in Dodging
  6315 | D:8      | Reached skill level 5 in Stealth
  6315 | D:8      | Reached skill level 5 in Unarmed Combat
  6315 | D:8      | Reached skill level 5 in Spellcasting
  6315 | D:8      | Reached skill level 5 in Evocations
  6377 | D:8      | Found a shadowy altar of Dithmenos.
  6833 | D:8      | Found a hide-covered altar of Uskayaw.
  6883 | D:9      | Noticed Erica
  7125 | D:9      | Found a staircase to the Orcish Mines.
  7142 | D:9      | Killed Erica
  8053 | D:9      | Reached XP level 11. HP: 87/87 MP: 19/19
  8141 | D:9      | Found an iron altar of Okawaru.
  8141 | D:9      | Found a bloodstained altar of Trog.
  8157 | D:9      | Became a worshipper of Warmaster Okawaru
  8561 | D:9      | Found a hazy altar of Hepliaklqana.
  8562 | D:9      | Found a glowing silver altar of Zin.
  8587 | D:10     | Entered Level 10 of the Dungeon
  8658 | D:10     | Killed an unseen horror
  8658 | D:10     | Reached * piety under Okawaru
  8658 | D:10     | Reached skill level 5 in Conjurations
  8658 | D:10     | Reached skill level 5 in Hexes
  8658 | D:10     | Reached skill level 5 in Charms
  8658 | D:10     | Reached skill level 5 in Summonings
  8658 | D:10     | Reached skill level 5 in Necromancy
  8658 | D:10     | Reached skill level 5 in Translocations
  8658 | D:10     | Reached skill level 5 in Transmutations
  8658 | D:10     | Reached skill level 5 in Fire Magic
  8658 | D:10     | Reached skill level 5 in Ice Magic
  8658 | D:10     | Reached skill level 5 in Air Magic
  8658 | D:10     | Reached skill level 5 in Earth Magic
  8658 | D:10     | Reached skill level 5 in Poison Magic
  9097 | D:10     | Killed an unseen horror
  9097 | D:10     | Reached ** piety under Okawaru
  9109 | D:10     | Got a fine falchion
  9112 | D:10     | Identified the cursed +0 falchion of Painful Death
                  | {antimagic, *Corrode Int+2 Stlth+} (You found it on level
                  | 10 of the Dungeon)
  9251 | D:10     | Killed an unseen horror
  9327 | D:10     | Found Meodau's Jewellery Shoppe.
  9479 | D:10     | Noticed a sun demon
  9916 | D:11     | Noticed a wolf spider
  9917 | D:11     | Noticed a deep troll earth mage
  9919 | D:11     | Found a basalt altar of Yredelemnul.
  9919 | D:11     | Found a shadowy altar of Dithmenos.
  9920 | D:11     | a wolf spider changed into a snapping turtle
  9925 | D:11     | Noticed a faun
  9925 | D:11     | a snapping turtle changed into a faun
  9928 | D:11     | a faun changed into a redback
 10249 | D:11     | Found Iqaveav's Armour Boutique.
 10690 | D:10     | Reached *** piety under Okawaru
 10795 | D:11     | Killed a deep troll earth mage
 11056 | D:11     | Noticed a sphinx
 11060 | D:11     | Noticed a shadow dragon
 11060 | D:11     | a sphinx changed into a shadow dragon
 11061 | D:11     | Noticed a quicksilver dragon
 11061 | D:11     | a shadow dragon changed into a quicksilver dragon
 11063 | D:11     | Noticed a fire giant
 11063 | D:11     | a quicksilver dragon changed into a fire giant
 11066 | D:11     | Noticed an alligator snapping turtle
 11066 | D:11     | a fire giant changed into an alligator snapping turtle
 11066 | D:11     | Noticed a two-headed ogre
 11067 | D:11     | Noticed a cyclops
 11070 | D:11     | Noticed a shadow dragon
 11070 | D:11     | an alligator snapping turtle changed into a shadow dragon
 11071 | D:11     | Noticed an iron giant
 11071 | D:11     | a shadow dragon changed into an iron giant
 11074 | D:11     | Noticed a shadow dragon
 11074 | D:11     | an iron giant changed into a shadow dragon
 11301 | D:11     | Noticed an acid blob
 11301 | D:11     | a shadow dragon changed into an acid blob
 11308 | D:11     | Noticed an iron giant
 11308 | D:11     | an acid blob changed into an iron giant
 11328 | D:11     | Noticed a shadow dragon
 11328 | D:11     | an iron giant changed into a shadow dragon
 11672 | D:11     | Killed an unseen horror
 11672 | D:11     | Reached **** piety under Okawaru
 11672 | D:11     | Reached XP level 12. HP: 80/96 MP: 22/22
 11677 | D:11     | Identified 3 scrolls of acquirement
 11699 | D:11     | Got a warped helmet
 11710 | D:11     | Identified the +2 helmet of Suodulec {*Slow rC+ rN+} (You
                  | acquired it on level 11 of the Dungeon)
 11771 | D:11     | Found a staircase to the Lair.
 11798 | D:11     | Noticed an iron dragon
 11799 | D:11     | Noticed a caustic shrike
 11799 | D:11     | an iron dragon changed into a caustic shrike
 11809 | D:11     | HP: 4/96 [acid (9)]
 11810 | D:11     | Noticed a dire elephant
 11810 | D:11     | a caustic shrike changed into a dire elephant
 11817 | D:11     | a dire elephant changed into something unseen
 11827 | D:11     | Noticed a minotaur
 11830 | D:11     | Mangled by a shadow

Levels and vault maps discovered:
D:1:      ebering_hopf_link, layout_basic
D:2:      layout_basic, lemuel_doored_altar, lemuel_round_altar, corexii_shack
D:3:      cheibrodos_thug_alley, layout_loops_ring, grunt_temple_overflow_open,
          elyvilon_altar_4
D:4:      layout_rooms
D:5:      layout_cave_pods, nicolae_overflow_hidden_temple,
          lemuel_coloured_pillars_altar, first_ration, uniq_ijyb, uniq_pikel
D:6:      layout_loops_ring, xom_redecorated, minmay_temple_entry_hall
D:7:      layout_loops_cross
D:8:      layout_loops_ring, lemuel_round_altar,
          grunt_dithmenos_smoke_and_mirrors
D:9:      layout_roguey, grunt_temple_overflow_bloody_war,
          gammafunk_temple_overflow_statue, orc_0_dummy, uniq_erica
D:10:     layout_gridville, serial_shops, shop
D:11:     cheibrodos_frozen_isle, layout_basic, lair_entry_dummy, serial_shops,
          shop, hangedman_fish_farm, jmf_multi_god_temple, uniq_maurice
Temple:   chequers_temple_sunken

Skill      XL: |  1  2  3  4  5  6  7  8  9 10 11 |
---------------+----------------------------------+-----
Invocations    | 1 2 3 4 5 6 7 |  7.4
Short Blades   | 1 2 3 4 5 6 |  6.8
Long Blades    | 1 2 3 4 5 6 |  6.8
Axes           | 1 2 3 4 5 6 |  6.8
Polearms       | 1 2 3 4 5 6 |  6.8
Staves         | 1 2 3 4 5 6 |  6.8
Slings         | 1 2 3 4 5 6 |  6.8
Bows           | 1 2 3 4 5 6 |  6.8
Crossbows      | 1 2 3 4 5 6 |  6.8
Throwing       | 1 2 3 4 5 6 |  6.8
Dodging        | 1 2 3 4 5 6 |  6.8
Stealth        | 1 2 3 4 5 6 |  6.8
Unarmed Combat | 1 2 3 4 5 6 |  6.8
Spellcasting   | 1 2 3 4 5 6 |  6.8
Evocations     | 1 2 3 4 5 6 |  6.8
Conjurations   | 1 2 3 4 5 |  5.6
Hexes          | 1 2 3 4 5 |  5.6
Charms         | 1 2 3 4 5 |  5.6
Summonings     | 1 2 3 4 5 |  5.6
Necromancy     | 1 2 3 4 5 |  5.6
Translocations | 1 2 3 4 5 |  5.6
Transmutations | 1 2 3 4 5 |  5.6
Fire Magic     | 1 2 3 4 5 |  5.6
Ice Magic      | 1 2 3 4 5 |  5.6
Air Magic      | 1 2 3 4 5 |  5.6
Earth Magic    | 1 2 3 4 5 |  5.6
Poison Magic   | 1 2 3 4 5 |  5.6
Maces & Flails | 5 6 7 8 |  8.3
Fighting       | 7 8 9 |  9.5
Armour         | 7 8 9 |  9.5
Shields        | 7 8 9 |  9.5

Action                   |  1- 3 |  4- 6 |  7- 9 | 10-12 || total
-------------------------+-------+-------+-------+-------++-------
Melee: Flail             |    81 |   144 |    64 |       ||   289
       Bite              |     9 |    16 |    56 |   104 ||   185
       Trident           |       |       |   107 |       ||   107
       Falchion          |       |       |   190 |   580 ||   770
Invok: Heroism           |       |       |       |     5 ||     5
Evoke: Wand              |       |       |       |     5 ||     5
  Use: Scroll            |     6 |     3 |    10 |    12 ||    31
       Potion            |       |     2 |       |     7 ||     9
 Stab: Sleeping          |       |       |     1 |       ||     1
       Invisible         |       |       |       |     1 ||     1
  Eat: Chunk             |       |     4 |    10 |    13 ||    27
       Ration            |       |       |     1 |     2 ||     3
Armor: Scale mail        |    27 |    58 |   110 |   127 ||   322
       Chain mail        |       |       |       |   201 ||   201
Dodge: Dodged            |    20 |    29 |   113 |   275 ||   437
Block: Shield            |    45 |    83 |   187 |   421 ||   736
       Rpst.: Falchion   |       |       |    22 |    67 ||    89

Table legend:
 A = Non-vault XP
 B = Vault XP
 C = Vault XP percentage of total XP
 D = Non-vault monster count
 E = Vault monster count
 F = Vault count percentage of total count
                 A         B        C        D         E       F
            +---------+---------+-------+---------+---------+-------
      Total |   15751 |    3685 |  19.0 |     270 |      18 |   6.2
            +---------+---------+-------+---------+---------+-------
        D:1 |      31 |       0 |   0.0 |      16 |       0 |   0.0
        D:2 |      59 |       3 |   4.8 |      17 |       1 |   5.6
        D:3 |     157 |     100 |  38.9 |      15 |      10 |  40.0
        D:4 |     695 |       0 |   0.0 |      32 |       0 |   0.0
        D:5 |     227 |     699 |  75.5 |       7 |       2 |  22.2
        D:6 |     842 |       0 |   0.0 |      33 |       0 |   0.0
        D:7 |    1219 |       0 |   0.0 |      25 |       0 |   0.0
        D:8 |    3018 |       0 |   0.0 |      40 |       0 |   0.0
        D:9 |    2544 |    1064 |  29.5 |      39 |       2 |   4.9
       D:10 |    5783 |       0 |   0.0 |      35 |       0 |   0.0
       D:11 |    1176 |    1819 |  60.7 |      11 |       3 |  21.4
            +---------+---------+-------+---------+---------+-------
